 Dungeon Crawl Stone Soup version 0.19-a0-994-g3c636f0 (webtiles) character file.

60 useraccount the Insei (level 3, -1/29 HPs)
             Began as a Demonspawn Monk on July 16, 2016.
             Slain by an adder (4 damage)
             ... on level 3 of the Dungeon.
             The game lasted 00:02:20 (1524 turns).

useraccount the Insei (Demonspawn Monk)             Turns: 1524, Time: 00:02:20

Health: -1/29      AC:  2    Str: 12    XL:     3   Next: 82%
Magic:  3/3        EV: 14    Int: 11    God:
Gold:   35         SH:  0    Dex: 15    Spells: 0 memorised, 2 levels left

rFire  . . .     SeeInvis .       - Unarmed
rCold  . . .     Gourm    .     a - +0 robe
rNeg   . . .     Faith    .     (no shield)
rPois  .         Spirit   .     (no helmet)
rElec  .         Dismiss  .     (no cloak)
rCorr  .         Reflect  .     (no gloves)
SustAt .         Harm     .     (no boots)
MR     .....                    (no amulet)
Stlth  +++.......               (no ring)
                                e - +1 ring of evasion

@: lethally poisoned (-1 -> -9), hasted, very quick, not resistant to hostile
enchantments, fairly stealthy
A: talons 1, nightstalker 1
a: no special abilities


You were on level 3 of the Dungeon.
You were not hungry.

You visited 1 branch of the dungeon, and saw 3 of its levels.

You collected 35 gold pieces.

Inventory:

Armour
 a - a +0 robe (worn)
Jewellery
 e - a +1 ring of evasion (left hand)
Scrolls
 i - a scroll of teleportation {unknown}
 j - a scroll of enchant armour {unknown}
 k - a scroll of amnesia {unknown}
Potions
 f - a potion of magic {unknown}
 g - a potion of degeneration {unknown}
Comestibles
 b - a bread ration
 c - a meat ration


   Skills:
 - Level 3.0 Fighting
 + Level 1.4 Armour
 - Level 3.0 Dodging
 - Level 2.0 Stealth
 * Level 3.6 Unarmed Combat


You had 2 spell levels left.
You didn't know any spells.

Dungeon Overview and Level Annotations

Branches:
Dungeon (3/15)

Altars:
Trog
Zin

Portals:
Sewer: D:3


Innate Abilities, Weirdness & Mutations

You have sharp toenails.
You are slightly more attuned to the shadows.


Message History

You hit the adder but do no damage. You claw the adder, but do no damage.
The adder barely misses you.
You barely miss the adder.
You feel sick. The adder bites you.
* * * LOW HITPOINT WARNING * * *
You are too injured to fight recklessly!
You are too injured to fight recklessly!
You are too injured to fight recklessly!
You are too injured to fight recklessly!
You are too injured to fight recklessly!
You are too injured to fight recklessly!
You miss the adder. Your kick misses the adder.
* * * LOW HITPOINT WARNING * * *
You feel sick. The adder bites you.
* * * LOW HITPOINT WARNING * * *
It was a potion of haste.
You feel yourself speed up.
* * * LOW HITPOINT WARNING * * *
You feel sick. The adder bites you.
* * * LOW HITPOINT WARNING * * *
The adder bites you.
You die...

######### #########
#.......# ........####
#.......# #######....#
#....<..#
#≈≈≈≈≈#....#####.......#
#≈≈∩≈≈S@...............#
#≈≈≈≈≈#†....####.......#
#######........#.......#
............#..#.......#
#..........#_#..........
###.........#..#####....
########.....# ###. ##


You could see an adder.

Vanquished Creatures
  An adder (D:2)
  An ooze (D:2)
  A worm (D:2)
  A dart slug (D:1)
  2 giant geckos (D:1)
  3 bats
  6 giant cockroaches
  4 goblins (D:1)
  4 hobgoblins
  2 jackals (D:1)
  5 giant newts
  5 kobolds
  3 rats
38 creatures vanquished.

Notes
Turn   | Place    | Note
-------+----------+-------------------------------------------
     0 | D:1      | useraccount the Demonspawn Monk began the quest for the Orb.
     0 | D:1      | Reached XP level 1. HP: 18/18 MP: 1/1
   498 | D:1      | Gained mutation: You are slightly more attuned to the shadows. [demonic ancestry]
   498 | D:1      | Reached XP level 2. HP: 24/24 MP: 2/2
   652 | D:1      | Reached skill level 1 in Armour
   783 | D:1      | Gained mutation: You have sharp toenails. [demonic ancestry]
   783 | D:1      | Reached XP level 3. HP: 29/29 MP: 3/3
  1236 | D:2      | Found a glowing silver altar of Zin.
  1285 | D:2      | Found a bloodstained altar of Trog.
  1486 | D:3      | Found a faded altar of an unknown god.
  1491 | D:3      | Found a glowing drain.
  1524 | D:3      | Slain by an adder

Vault maps used:
D:1:      tarquinn_simple_flora_water_a, minmay_split_cup_small
D:2:      bloody_trog, lemuel_round_altar
D:3:      makhleb_altar_promises_db, gup_sewer_entry_glass, ecumenical_altar_1,
          uniq_terence

Skill      XL: |  1  2 |
---------------+-------+-----
Dodging        | 3 |  3.0
Stealth        | 2 |  2.0
Unarmed Combat | 3 |  3.6
Armour         | 1 |  1.4
Fighting       | |  3.0

Action                   || total
-------------------------++-------
Melee: Unarmed           ||   147
       Punch             ||     2
       Kick              ||    18
  Use: Potion            ||     1
 Stab: Sleeping          ||    10
       Distracted        ||     1
  Eat: Chunk             ||     2
Armor: Robe              ||    13
Dodge: Dodged            ||    68
